 Dungeon Crawl Stone Soup version 0.31-a0-845-g9abc20d24f (webtiles) character file.

Game seed: 7534201392265720344

27988 Conn the Destroyer (level 13, -15/77 (85) HPs)
             Began as an Octopode Fire Elementalist on Oct 1, 2023.
             Was an Elder of Sif Muna.
             Demolished by an ice devil (22 damage)
             ... summoned by an orc sorcerer
             ... on level 1 of the Orcish Mines.
             The game lasted 01:04:45 (16044 turns).

Conn the Destroyer (Octopode Fire Elementalist)    Turns: 16044, Time: 01:04:46

HP:   -15/77 (85)   AC:  1    Str:  7      XL:     13   Next: 35%
MP:   13/24         EV: 16    Int: 19 (21) God:    Sif Muna [****..]
Gold: 1173          SH:  0    Dex: 14      Spells: 0/26 levels left

rFire   + . .        M - staff of fire
rCold   . . .        (no shield)
rNeg    . . .        (helmet restricted)
rPois   .            (no amulet)
rElec   .            D - ring of willpower
rCorr   .            (no ring)
SInv    .            (no ring)
Will    +....        (no ring)
Stlth   ++++         (no ring)
HPRegen 0.32/turn    (no ring)
MPRegen 0.19/turn    (no ring)
                     (no ring)

%: no passive effects
@: drained
A: almost no armour, amphibious, 8 rings, camouflage 1, gelatinous body 1,
(nimble swimmer 1), tentacles
a: Renounce Religion, Channel Magic, Forget Spell, Divine Exegesis


You were on level 1 of the Orcish Mines.
You worshipped Sif Muna.
Sif Muna was greatly pleased with you.
You visited 3 branches of the dungeon, and saw 13 of its levels.
You also visited: Sewer and Bailey.

You collected 1979 gold pieces.
You spent 806 gold pieces at shops.

Inventory:

Hand Weapons
 f - the +5 Lochaber axe {reach-cleave, Poleaxe Drain}
   (You found it on level 10 of the Dungeon)

   Poleaxe:   It uses either Axes or Polearms skill, whichever is higher.
   Drain:     It drains your maximum health when unequipped.
 o - a +2 mace of protection
 u - the +10 falchion of Cobwebs {freeze, rElec rF+}
   (You found it on level 5 of the Dungeon)

   rF+:       It protects you from fire.
   rElec:     It insulates you from electricity.
Missiles
 c - 7 poisoned darts
 s - a curare-tipped dart (quivered)
 F - 3 throwing nets
Magical Staves
 q - a staff of cold
 C - a staff of poison
 G - the staff "Himouvy" {rN+ Dex+3 Necro}
   (You found it in a bailey)

   [staff of death]

   Base accuracy: +5 Base damage: 5 Base attack delay: 1.2 This weapon's minimum
   attack delay (0.6) is reached at skill level 12.
   Dex+3:     It affects your dexterity (+3).
   rN+:       It protects you from negative energy.
   Necro:     It increases the power of your Necromancy spells.
   It falls into the 'Staves' category.
   It is a one-tentacled weapon.
 L - a staff of conjuration
 M - a staff of fire (weapon)
Jewellery
 D - a ring of willpower (left tentacle)
Wands
 t - a wand of roots (9)
 x - a wand of acid (18)
 H - a wand of flame (10)
Scrolls
 b - 2 scrolls of enchant armour
 d - a scroll of enchant weapon
 g - 3 scrolls of noise
 i - a scroll of revelation
 j - 2 scrolls of blinking
 k - 4 scrolls of poison
 n - 14 scrolls of teleportation
 y - a scroll of fear {unknown}
 B - a scroll of fog {unknown}
 E - a scroll of summoning {unknown}
 K - a scroll of amnesia {unknown}
Potions
 a - a potion of magic
 e - 2 potions of attraction
 l - a potion of brilliance
 p - a potion of enlightenment
 r - 2 potions of heal wounds
 v - a potion of mutation
 w - 2 potions of berserk rage
 A - a potion of lignification
 J - a potion of curing


   Skills:
 + Level 6.7 Fighting
 - Level 5.4 Long Blades
 + Level 3.5 Staves
 + Level 2.7 Throwing
 - Level 7.1 Dodging
 - Level 6.0 Stealth
 + Level 7.4 Spellcasting
 + Level 10.4 Conjurations
 - Level 3.0 Hexes
 * Level 4.3 Summonings
 + Level 0.0 Translocations
 + Level 8.3 Fire Magic
 - Level 6.0 Earth Magic
 + Level 7.9 Invocations


You couldn't memorise any spells.
You knew the following spells:

 Your Spells              Type           Power      Damage    Failure   Level
a - Foxfire               Conj/Fire      100%       2x1d9     1%          1
b - Scorch                Fire           100%       2d9       1%          2
c - Inner Flame           Hex/Fire       42%        N/A       2%          3
d - Flame Wave            Conj/Fire      59%        2d14      1%          4
e - Stone Arrow           Conj/Erth      76%        3d11      1%          3
f - Mephitic Cloud        Conj/Pois/Air  20%        N/A       7%          3
g - Summon Small Mammal   Summ           92%        N/A       1%          1
h - Brom's Barrelling Bo  Conj/Erth      38%        2d6       3%          4
i - Summon Guardian Gole  Hex/Summ       20%        N/A       6%          3
j - Blink                 Tloc           14%        N/A       14%         2

Your spell library contained the following spells:

 Spells                   Type           Power      Damage    Failure   Level
 Sandblast                Erth           58%        2d13      1%          1
 Passwall                 Tmut/Erth      15%        N/A       4%          2
 Call Canine Familiar     Summ           23%        N/A       4%          3
 Volatile Blastmotes      Fire/Tloc      68%        2d15      5%          3
 Ensorcelled Hibernation  Hex/Ice        24%        N/A       8%          2
 Sigil of Binding         Hex            18%        N/A       9%          3
 Cigotuvi's Dreadful Rot  Necr/Pois/Air  14%        N/A       14%         2
 Poisonous Vapours        Pois/Air       14%        N/A       14%         2
 Sublimation of Blood     Necr           7%         N/A       14%         2
 Wereblood                Tmut           7%         N/A       14%         2
 Leda's Liquefaction      Hex/Erth       12%        N/A       16%         4
 Lee's Rapid Deconstruct  Erth           14%        3d9*      22%         5
 Swiftness                Air            7%         N/A       28%         3
 Dimensional Bullseye     Hex/Tloc       6%         N/A       45%         4
 Bombard                  Conj/Erth      19%        9d4       45%         6
 Freezing Cloud           Conj/Ice/Air   10%        6-21      54%         5
 Dispel Undead            Necr           7%         3d8       67%         4
 Manifold Assault         Tloc           7%         N/A       67%         4
 Death Channel            Necr           3%         N/A       100%        6
 Dispersal                Tloc           3%         N/A       100%        6
 Summon Hydra             Summ           11%        N/A       100%        7
 Disjunction              Tloc           3%         N/A       100%        8


Dungeon Overview and Level Annotations

Branches:
Dungeon (10/15)            Temple (1/1) D:7             Orc (2/2) D:9
    Elf (0/3) Orc:2         Sewer (visited)          Bailey (visited)
   Lair: D:8-11

Altars:
Ashenzari
Cheibriados
Dithmenos
Elyvilon
Fedhas
Gozag
Hepliaklqana
Kikubaaqudgha
Makhleb
Nemelex Xobeh
Okawaru
Qazlal
Ru
Sif Muna
Trog
Uskayaw
Vehumet
Wu Jian
Xom
Yredelemnul
Zin
The Shining One

Shops:
D:5 :[   D:7 :   D:9 ![   Orc:2 :*[((

Annotations:
D:9 exclusion: statue


Innate Abilities, Weirdness & Mutations

You cannot wear most types of armour.
You are amphibious.
You can wear up to eight rings at the same time.
Your skin changes colour to match your surroundings (Stealth+).
Your rubbery body absorbs attacks. (AC +1, EV +1)
((You are camouflaged when in or above water. (Stealth+)))
You have tentacles for arms and can constrict up to eight enemies at once.


Message History

The orc sorcerer gestures at you while chanting.
The bolt of negative energy hits you!!
You feel drained.
Unknown command.
Unknown command.
Casting: Mephitic Cloud (dangerous; 7% risk of failure)
Confirm with . or Enter, or press ? or * to list all spells.
Casting: Flame Wave (dangerous; 1% risk of failure)
Press: ? - help, Dir - look around, f - activate You feel a surge of power!
A wave of flame ripples out!
The flame wave engulfs the orc priest!!
You kill the orc priest!
Sif Muna accepts your kill. (Press . to intensify the flame waves.)
A warg comes into view.
The orc sorcerer is engulfed in noxious fumes.
The orc sorcerer gestures wildly while chanting.
Unknown command.
A wave of flame ripples out!
The flame wave engulfs the orc wizard!
The orc wizard is severely wounded.
The flame wave engulfs the ice devil but does no damage.
The flame wave engulfs the orc priest!
The orc priest is severely wounded.
The flame wave engulfs the orc.
The orc is almost dead.
The flame wave engulfs the orc sorcerer!
The orc sorcerer is moderately wounded.
The warg howls!
The orc sorcerer is engulfed in noxious fumes.
The orc sorcerer gestures at you while chanting.
The bolt of negative energy hits you!!
You feel drained.
The orc wizard is engulfed in noxious fumes.
The orc wizard appears confused.
The orc wizard closely misses you.
A troll comes into view.
The orc priest calls down the wrath of Beogh upon you.
Beogh smites you!
* * * LOW HITPOINT WARNING * * *
The ice devil hits you!
* * * LOW HITPOINT WARNING * * *
The ice devil freezes you!!
You die...

......#####,* **,,**
......####.#* *,,,,* ***
.)[[[..##...###* ***,.,,***,**
..<#..##*......#* *,,..,,,*,,,**
...####*,.......## *,..,,,,,,,,>*
#### *,,........###.#***,****,**
# ***,,.......o....#*,,,,,**,* #
*,,,,,,,#°.○o.$..#,,,,,,,*,*
**,,,,,,*#.°4@)...#,,,,,,,*,**
****,,,,,,,*##.o........,_,,,,,,,
*,*,,,,,,****##o.....#T.,,,,,*,,,
**,,,,,,,,,*,,°°.....#,,,,,,,*,,,
**,,,,,,,,,,°.......#*,,,,,**^,,
**,,,,,,,,.........#***,****,,*
**,*,,,,,.....h#....,,,,,,,,,**
*,,,,,,,.......##.#..,,,,,,,,,*
**,***,,,,,,,,******,,,,,,,,,**


You could see an ice devil (summoned), a troll, a warg, an orc sorcerer, an orc
priest, an orc wizard (confused) and an orc.

Vanquished Creatures
  Saint Roka (Orc:2)
  3 ogre magi
  15 two-headed ogres
  An orc high priest (Orc:2)
  Pikel (D:5)
  4 orc knights
  An oklob plant (Orc:2)
  2 orc sorcerers (Orc:2)
  A cyclops (Orc:1)
  Maggie (D:8)
  3 trolls
  Grinder (D:3)
  A hornet (D:8)
  2 shadows
  Sigmund (D:3)
  Eustachio (D:5)
  A wyvern (D:9)
  A basilisk (D:10)
  4 yaks (D:9)
  Grum (D:8)
  3 steam dragons
  2 wargs (Orc:2)
  2 water moccasins
  An ice beast (D:7)
  21 orc warriors
  A black bear (D:7)
  17 ogres
  8 wolves
  3 centaurs
  2 phantoms
  2 kobold brigands
  Blork the orc (D:6)
  11 gnoll sergeants
  4 bullfrogs
  A scorpion (D:5)
  3 wights (D:8)
  13 orc priests
  3 hounds
  A jelly (D:8)
  2 sleepcaps (D:6)
  6 gnoll boudas (Bailey)
  An iguana (D:5)
  15 orc wizards
  Robin (D:3)
  18 gnolls
  14 adders
  A shadow imp (D:7)
  3 white imps
  An ufetubus (D:5)
  A dart slug (D:1)
  59 orcs
  13 endoplasms
  17 giant cockroaches
  18 goblins
  8 hobgoblins
  A jackal (D:5)
  14 kobolds
  19 quokkas
  17 ball pythons
  12 bats
  8 frilled lizards
  27 rats
  A boulder (Orc:2)
422 creatures vanquished.

Vanquished Creatures (others)
  An ogre (D:5)
  A scorpion (D:5)
  A hound (D:5)
  A boulder (Orc:1)
  915 foxfires
919 creatures vanquished.

Grand Total: 1341 creatures vanquished

Notes
Turn   | Place    | Note
-------+----------+-------------------------------------------
     0 | D:1      | Conn the Octopode Fire Elementalist began the quest for the
                  | Orb.
     0 | D:1      | Reached XP level 1. HP: 11/11 MP: 3/3
   171 | D:1      | Reached XP level 2. HP: 17/17 MP: 1/5
   525 | D:1      | Reached XP level 3. HP: 21/21 MP: 1/6
   553 | D:1      | Learned a level 2 spell: Scorch
   557 | D:1      | Learned a level 3 spell: Inner Flame
   732 | D:1      | Found a faded altar of an unknown god.
   965 | D:2      | Reached XP level 4. HP: 17/27 MP: 1/7
  1199 | D:2      | Reached skill level 2 in Conjurations
  1938 | D:3      | Noticed Grinder
  1939 | D:3      | Noticed Robin
  1946 | D:3      | Paralysed by Grinder for 3 turns
  1955 | D:3      | Killed Grinder
  1956 | D:3      | Reached XP level 5. HP: 8/31 MP: 2/9
  1956 | D:3      | Reached XP level 6. HP: 10/36 MP: 2/10
  2109 | D:3      | Found a glowing silver altar of Zin.
  2141 | D:3      | Found a glowing drain.
  2159 | Sewer    | Entered a sewer
  2535 | Sewer    | Reached skill level 5 in Stealth
  2783 | Sewer    | Reached skill level 3 in Conjurations
  2783 | Sewer    | Reached XP level 7. HP: 41/41 MP: 4/12
  3016 | D:3      | Noticed Sigmund
  3024 | D:3      | Killed Sigmund
  3100 | D:3      | Found a burning altar of Makhleb.
  3351 | D:3      | Found a broken altar of Ashenzari.
  3452 | D:3      | Killed Robin
  3566 | D:3      | Identified the +0 chain mail of Lystren {Drain rF+++ rCorr
                  | Dex-4}
  3702 | D:3      | Found a snail-covered altar of Cheibriados.
  3741 | D:3      | Found an iron altar of Okawaru.
  3829 | D:4      | Learned a level 4 spell: Flame Wave
  4055 | D:4      | Reached XP level 8. HP: 46/46 MP: 11/14
  4403 | D:4      | Reached skill level 4 in Conjurations
  4403 | D:4      | Reached skill level 1 in Hexes
  4724 | D:4      | Found a shadowy altar of Dithmenos.
  4859 | D:5      | Entered Level 5 of the Dungeon
  4860 | D:5      | Identified the +10 falchion of Cobwebs {freeze, rElec rF+}
  4939 | D:4      | Learned a level 3 spell: Stone Arrow
  4977 | D:5      | Reached skill level 1 in Fighting
  5024 | D:5      | Found Obontywe's Book Shoppe.
  5054 | D:5      | Noticed Pikel
  5063 | D:5      | Found a white marble altar of Elyvilon.
  5069 | D:5      | Noticed Eustachio
  5082 | D:5      | Killed Pikel
  5083 | D:5      | Reached skill level 1 in Long Blades
  5083 | D:5      | Reached skill level 5 in Fire Magic
  5083 | D:5      | Reached skill level 1 in Earth Magic
  5085 | D:5      | Killed Eustachio
  5086 | D:5      | Reached skill level 5 in Conjurations
  5086 | D:5      | Reached XP level 9. HP: 28/54 MP: 0/15
  5296 | D:5      | Found Kofiaz's Armour Shoppe.
  5334 | D:5      | Bought a book of Vapours for 338 gold pieces
  5340 | D:5      | Learned a level 3 spell: Mephitic Cloud
  5413 | D:5      | Found a shimmering altar of Xom.
  5577 | D:5      | Found a sacrificial altar of Ru.
  5843 | D:6      | Noticed Blork the orc
  5849 | D:6      | Killed Blork the orc
  5921 | D:6      | Reached skill level 5 in Dodging
  6218 | D:6      | Found an opulent altar of Gozag.
  6253 | D:6      | Learned a level 1 spell: Summon Small Mammal
  6996 | D:7      | Found Gismeu's Book Emporium.
  7081 | D:7      | Reached skill level 5 in Spellcasting
  7285 | D:7      | Reached skill level 6 in Conjurations
  7394 | D:7      | Found a staircase to the Ecumenical Temple.
  7399 | Temple   | Entered the Ecumenical Temple
  7404 | Temple   | Became a worshipper of Sif Muna the Loreminder
  7449 | D:8      | Noticed Grum
  7628 | D:8      | Noticed Maggie
  7636 | D:8      | Killed Maggie
  7648 | D:8      | Reached XP level 10. HP: 48/63 MP: 4/17
  7690 | D:8      | Killed Grum
  7691 | D:8      | Reached skill level 1 in Invocations
  7893 | D:8      | Found a flagged portal.
  7902 | Bailey   | Entered a bailey
  8092 | Bailey   | Reached * piety under Sif Muna
  8582 | Bailey   | Reached skill level 7 in Conjurations
  9185 | Bailey   | Identified the staff "Himouvy" {rN+ Dex+3 Necro}
  9318 | D:8      | Reached ** piety under Sif Muna
  9704 | D:9      | Found a staircase to the Orcish Mines.
  9849 | D:9      | Found Ifedynugh's Armour Boutique.
 10251 | D:9      | Found Ziefo's Distillery.
 10265 | D:9      | Bought a potion of lignification for 36 gold pieces
 10265 | D:9      | Bought a potion of lignification for 36 gold pieces
 10265 | D:9      | Bought a potion of heal wounds for 60 gold pieces
 10265 | D:9      | Bought a potion of heal wounds for 60 gold pieces
 10265 | D:9      | Bought a potion of curing for 36 gold pieces
 10370 | D:9      | Reached XP level 11. HP: 44/70 MP: 1/19
 10650 | D:9      | Found a radiant altar of Vehumet.
 10828 | D:10     | Entered Level 10 of the Dungeon
 10884 | D:10     | Found a hazy altar of Hepliaklqana.
 11232 | D:10     | Found the +5 Lochaber axe {reach-cleave, Poleaxe Drain}
 11288 | D:10     | Noticed a two-headed ogre
 11293 | D:10     | Killed a two-headed ogre
 11294 | D:10     | Reached skill level 5 in Invocations
 11462 | D:10     | Reached skill level 8 in Conjurations
 11582 | D:10     | Noticed a two-headed ogre
 11583 | D:10     | Noticed a two-headed ogre
 11585 | D:10     | Noticed a two-headed ogre
 11589 | D:10     | Killed a two-headed ogre
 11595 | D:10     | Killed a two-headed ogre
 11619 | D:10     | Reached skill level 5 in Long Blades
 11777 | D:10     | Reached skill level 5 in Fighting
 11888 | D:10     | Killed a two-headed ogre
 11991 | D:10     | Noticed a two-headed ogre
 12022 | D:10     | Killed a two-headed ogre
 12061 | D:10     | Noticed a two-headed ogre
 12078 | D:10     | Killed a two-headed ogre
 12079 | D:10     | Reached skill level 5 in Earth Magic
 12207 | D:10     | Noticed a two-headed ogre
 12220 | D:10     | Killed a two-headed ogre
 12279 | D:10     | Noticed an ogre mage
 12284 | D:10     | Killed an ogre mage
 12284 | D:10     | Reached *** piety under Sif Muna
 12285 | D:10     | Reached XP level 12. HP: 71/77 MP: 7/21
 12527 | D:10     | Noticed a two-headed ogre
 12533 | D:10     | Killed a two-headed ogre
 12672 | Orc:1    | Entered Level 1 of the Orcish Mines
 12697 | Orc:1    | Reached skill level 9 in Conjurations
 13129 | Orc:2    | Entered Level 2 of the Orcish Mines
 13129 | Orc:2    | Found Guakhuf's Weapon Emporium.
 13139 | Orc:2    | Noticed a two-headed ogre
 13139 | Orc:2    | Noticed an ogre mage
 13147 | Orc:2    | Noticed a two-headed ogre
 13150 | Orc:2    | Noticed a two-headed ogre
 13152 | Orc:2    | Killed a two-headed ogre
 13153 | Orc:2    | Reached skill level 1 in Staves
 13153 | Orc:2    | Paralysed by an ogre mage for 5 turns
 13158 | Orc:2    | Killed an ogre mage
 13161 | Orc:2    | Killed a two-headed ogre
 13164 | Orc:2    | Killed a two-headed ogre
 13290 | Orc:1    | Learned a level 4 spell: Brom's Barrelling Boulder
 13294 | Orc:1    | Learned a level 3 spell: Summon Guardian Golem
 13416 | Orc:2    | Noticed a two-headed ogre
 13599 | Orc:2    | Noticed a two-headed ogre
 13606 | Orc:2    | Killed a two-headed ogre
 13607 | Orc:2    | Reached skill level 1 in Summonings
 13608 | Orc:2    | Reached skill level 1 in Throwing
 13611 | Orc:2    | Killed a two-headed ogre
 14091 | Orc:2    | Reached **** piety under Sif Muna
 14114 | Orc:2    | Noticed an ogre mage
 14116 | Orc:2    | Noticed a two-headed ogre
 14116 | Orc:2    | Noticed a two-headed ogre
 14508 | Orc:2    | Reached skill level 10 in Conjurations
 14508 | Orc:2    | Reached XP level 13. HP: 84/84 MP: 10/23
 14630 | Orc:2    | Found a staircase to the Elven Halls.
 14639 | Orc:2    | Noticed Saint Roka
 14658 | Orc:2    | Killed Saint Roka
 15542 | Orc:2    | Found Paaxkuph's General Store.
 15655 | Orc:2    | Found Leuciq's Antique Weapon Shop.
 15670 | Orc:2    | Found Nongiefa's Antique Armour Shop.
 15815 | Orc:2    | Found Tedeik's Book Shop.
 15821 | Orc:2    | Bought an Inescapable Atlas for 240 gold pieces
 15824 | Orc:2    | Learned a level 2 spell: Blink
 16044 | Orc:1    | Demolished by an ice devil

Illustrated notes

Levels and vault maps discovered:
D:1:      dpeg_arrival_tiny_i, layout_rooms,
          hellmonk_ecumenical_altar_leap_of_faith, minmay_misc_feat_ornament
D:2:      layout_basic
D:3:      layout_rooms, mainiacjoe_overflow_cross_hatched,
          mainiacjoe_overflow_two_lobes, mainiacjoe_overflow_catch_the_wave,
          gup_sewer_entry_pipe, kennysheep_cross_bottleneck, nrook_uturn,
          ebering_dispersal_statue_hall, dk_noncrumbling_4,
          amcnicky_mini_pool_small, minmay_rat_hole, uniq_robin, uniq_grinder,
          uniq_sigmund
D:4:      layout_loops_corners, nicolae_dithmenos_through_a_glass_darkly
D:5:      layout_rooms, xom_confusion_cloud, nicolae_ru_the_path_less_chosen,
          mainiacjoe_overflow_six_doors_small, serial_shops, shop,
          nicolae_take_the_stairs, minmay_misc_feat_columns,
          kennysheep_generic_room_13, uniq_eustachio, uniq_pikel
D:6:      layout_cave_pools, nicolae_gozag_cash_rules_everything_around_me,
          uniq_blork_the_orc
D:7:      layout_basic, temple_doors_ab, serial_shops, shop
D:8:      layout_rooms, enter_bailey_8, uniq_maggie, uniq_grum
D:9:      layout_loops_ring, vehumet_statue, orc_0_dummy, serial_shops,
          nicolae_shop_behind_doors, nicolae_diamond_shop
D:10:     lemuel_ogre_cave, layout_irregular_city,
          worldfamousw_hep_ancestral_shrine
Temple:   compressed_dpeg_circular_temple
Orc:1:    layout_diamond_mine, basic_altar, mines1_david
Orc:2:    grunt_orc_cross, layout_caves, serial_shops,
          nicolae_shop_hallway_stairs, mines3_lemuel

Skill      XL: |  1  2  3  4  5  6  7  8  9 10 11 12 13 |
---------------+----------------------------------------+-----
Stealth        | 3 4 5 6 |  6.0
Conjurations   | 2 3 5 6 7 8 10 | 10.4
Dodging        | 3 4 5 6 7 |  7.1
Spellcasting   | 3 4 5 6 7 |  7.4
Fire Magic     | 4 5 6 7 8 |  8.3
Hexes          | 3 |  3.0
Fighting       | 2 3 4 5 6 |  6.7
Long Blades    | 1 3 4 5 |  5.4
Earth Magic    | 1 3 4 5 6 |  6.0
Invocations    | 4 6 7 |  7.9
Staves         | 3 |  3.5
Summonings     | 3 4 |  4.3
Throwing       | 1 2 |  2.7

Action                     |  1- 3 |  4- 6 |  7- 9 | 10-12 | 13-15 || total
---------------------------+-------+-------+-------+-------+-------++-------
  Melee: Unarmed           |    11 |       |       |       |       ||    11
         Constrict         |     4 |     6 |    13 |     6 |       ||    29
         Short sword       |     2 |    17 |       |       |       ||    19
         Tentacles         |     1 |       |    12 |    11 |     2 ||    26
         Mace              |       |       |    68 |       |       ||    68
         Punch             |       |       |     2 |     1 |       ||     3
         Falchion          |       |       |     6 |    20 |     3 ||    29
         Staff             |       |       |       |     9 |     2 ||    11
  Throw: Dart              |       |       |     2 |     6 |     1 ||     9
   Cast: Foxfire           |    49 |   107 |   166 |   172 |    21 ||   515
         Scorch            |     1 |     3 |    30 |    94 |    17 ||   145
         Inner Flame       |       |       |    11 |    66 |    14 ||    91
         Flame Wave        |       |       |     1 |    12 |     4 ||    17
         Summon Small Mamm |       |       |       |     5 |     6 ||    11
         Stone Arrow       |       |       |       |     6 |       ||     6
         Mephitic Cloud    |       |       |       |     5 |     6 ||    11
         Brom's Barrelling |       |       |       |     1 |     1 ||     2
         Summon Guardian G |       |       |       |       |     4 ||     4
 Invoke: Channel Magic     |       |       |       |     1 |     2 ||     3
  Evoke: Wand              |       |       |       |       |     3 ||     3
    Use: Potion            |       |     3 |       |     4 |     3 ||    10
         Scroll            |       |       |     8 |     7 |     1 ||    16
   Stab: Sleeping          |       |     1 |     8 |       |       ||     9
 Armour: Skin              |     7 |    13 |    63 |    57 |    26 ||   166
  Dodge: Dodged            |    15 |    17 |    77 |    80 |    18 ||   207

Table legend: (Time is in decaauts)
 A = Elapsed time spent in this place.
 B = Non-inter-level travel time spent in this place.
 C = Inter-level travel time spent in this place.
 D = Time resting spent in this place.
 E = Time spent auto-exploring this place.
 F = Levels seen in this place.
 G = Mean time per level.
                   A        B        C        D        E       F      G
               +--------+--------+--------+--------+--------+-----+--------+
         Total |  16038 |  15742 |    296 |   3437 |   7823 |  15 | 1069.2 |
       Dungeon |  10851 |  10556 |    295 |   1568 |   5991 |  10 | 1085.1 |
        Temple |     10 |     10 |      0 |      0 |      0 |   1 |   10.0 |
  Orcish Mines |   3099 |   3099 |      0 |   1042 |   1250 |   2 | 1549.5 |
         Sewer |    723 |    723 |      0 |      0 |    471 |   1 |  723.0 |
        Bailey |   1353 |   1353 |      0 |    827 |    111 |   1 | 1353.0 |
               +--------+--------+--------+--------+--------+-----+--------+

Top non-repeatable levels by time:
   Orc:2: 1999 daAuts
    D:10: 1807 daAuts
     D:9: 1420 daAuts
  Bailey: 1353 daAuts
     D:3: 1255 daAuts
     D:4: 1119 daAuts
   Orc:1: 1100 daAuts
     D:2: 1088 daAuts
     D:6: 1011 daAuts
     D:5: 900 daAuts
     D:7: 763 daAuts
     D:1: 748 daAuts
     D:8: 735 daAuts
   Sewer: 723 daAuts
  Temple: 10 daAuts
